 Dungeon Crawl Stone Soup version 0.25.1-2-g60ff931 (webtiles) character file.

Game seed: 13052486607823596888

6818 ringo67 the Summoner (level 10, -2/90 HPs)
             Began as a Red Draconian Summoner on Aug 15, 2020.
             Was a Priest of Ru.
             Slain by a black mamba (14 damage)
             ... on level 10 of the Dungeon.
             The game lasted 00:58:29 (14031 turns).

ringo67 the Summoner (Red Draconian Summoner)      Turns: 14031, Time: 00:58:31

Health: -2/90      AC:  9    Str: 11    XL:     10   Next: 77%
Magic:  9/21       EV: 12    Int: 18    God:    Ru [***...]
Gold:   536        SH:  0    Dex: 12    Spells: 10/24 levels left

rFire    + . .     SeeInvis .   a - +3 halberd (freeze) (curse)
rCold    . . .     Gourm    .   (shield currently unavailable)
rNeg     + . .     Faith    .   (armour unavailable)
rPois    .         Spirit   .   u - +1 hat
rElec    .         Reflect  .   r - +0 cloak
rCorr    .         Harm     .   (no gloves)
MR       .....                  (no boots)
Stlth    ++........             (no amulet)
HPRegen  0.25/turn              B - ring of positive energy
MPRegen  0.17/turn              (no ring)

@: lethally poisoned (-2 -> -28), exhausted, no potions, lightly drained
A: breathe fire, unfitting armour, fire resistance 1, cold-blooded, inability to
drink while threatened, inability to use devices, AC +7
a: Breathe Fire, Draw Out Power, Renounce Religion


You were on level 10 of the Dungeon.
You worshipped Ru.
Ru was most pleased with you.
You were hungry.

You visited 2 branches of the dungeon, and saw 11 of its levels.

You collected 536 gold pieces.

Inventory:

Hand Weapons
 a - a cursed +3 halberd of freezing (weapon)
Armour
 n - a +0 tower shield
 q - a +0 kite shield
 r - a +0 cloak (worn)
 u - a +1 hat (worn)
Jewellery
 i - an uncursed ring of ice
 B - a ring of positive energy (left hand)
Scrolls
 d - a scroll of enchant armour {unknown}
 e - 2 scrolls of magic mapping
 f - a scroll of random uselessness {unknown}
 h - a scroll of immolation {unknown}
 j - a scroll of teleportation
 o - 4 scrolls of remove curse
 p - a scroll of amnesia
 s - a scroll of fear
 y - 6 scrolls of identify
 z - a scroll of vulnerability {unknown}
Potions
 c - a potion of degeneration {unknown}
 g - 3 potions of lignification
 k - 3 potions of invisibility
 l - a potion of resistance {unknown}
 m - 3 potions of curing {unknown}
 t - 2 potions of cancellation {unknown}
 v - 2 potions of heal wounds
 w - a potion of stabbing {unknown}
 x - a potion of mutation {unknown}
 A - a potion of ambrosia {unknown}
 D - a potion of flight {unknown}
Comestibles
 b - 23 rations


   Skills:
 + Level 8.8(8.4) Fighting
 - Level 3.6(3.2) Polearms
 - Level 1.7(1.4) Dodging
 - Level 1.7(1.4) Stealth
 + Level 7.7(7.3) Spellcasting
 - Level 9.0(8.6) Summonings
 + Level 4.5(4.1) Ice Magic
 + Level 5.6(5.2) Air Magic


You had 10 spell levels left.
You knew the following spells:

 Your Spells              Type           Power        Failure   Level  Hunger
a - Summon Small Mammal   Summ           ####         1%          1    None
b - Call Imp              Summ           #####...     1%          2    None
c - Call Canine Familiar  Summ           #####...     1%          3    #......
d - Summon Lightning Spi  Summ/Air       ####....     6%          4    ###....
e - Summon Ice Beast      Ice/Summ       ####....     8%          4    ###....

Your spell library contained the following spells:

 Spells                   Type           Power        Failure   Level  Hunger
 Freeze                   Ice            ###.         1%          1    None
 Shock                    Conj/Air       ###.         3%          1    None
 Swiftness                Chrm/Air       ###.....     5%          2    None
 Frozen Ramparts          Ice            ###...       5%          3    #......
 Summon Guardian Golem    Hex/Summ       ###.....     5%          3    #......
 Animate Skeleton         Necr           N/A          11%         1    None
 Apportation              Tloc           #.....       11%         1    None
 Corona                   Hex            #......      11%         1    None
 Static Discharge         Conj/Air       ###.....     11%         3    #......
 Airstrike                Air            ####......   12%         4    ###....
 Ozocubu's Armour         Chrm/Ice       ##......     13%         3    #......
 Hailstorm                Conj/Ice       ##......     41%         4    ###....
 Lightning Bolt           Conj/Air       ###.......   69%         5    #####..


Dungeon Overview and Level Annotations

Branches:
Dungeon (10/15)            Temple (0/1) D:7            Lair (1/6) D:10
    Orc: D:9-12

Altars:
Ashenzari
Cheibriados
Dithmenos
Elyvilon
Nemelex Xobeh
Ru
Sif Muna
Wu Jian
Xom
Yredelemnul


Innate Abilities, Weirdness & Mutations

You can breathe blasts of fire.
Your fiery red scales are hard. (AC +7)
You cannot fit into any form of body armour.
Your flesh is heat resistant. (rF+)
You are cold-blooded and may be slowed by cold attacks.
You cannot drink potions while threatened.
You cannot study or use magical devices.


Message History

Your iron imp barely misses the black mamba.
* * * LOW HITPOINT WARNING * * *
You feel sick.
The black mamba bites you but does no damage.
Your iron imp closely misses the black mamba.
You are restored by drawing out deep reserves of power within.
You feel drained.
You feel sick. The black mamba bites you!
* * * LOW HITPOINT WARNING * * *
Your crimson imp completely misses the black mamba.
The black mamba bites you!
* * * LOW HITPOINT WARNING * * *
You are more poisoned.
The black mamba poisons you!
Casting: Call Imp (safe; 1% risk of failure)
Confirm with . or Enter, or press ? or * to list all spells.
An electric hum fills the air.
You are feeling hungry.
* * * LOW HITPOINT WARNING * * *
You feel sick. The black mamba bites you!
You die...

####................
#..................#
#.####.....##.....##
#.# #.############
##.## #.# ##...###.#
##PP...##.#
#PP.....#.#
#PPP..@.#.#


#PPPPPS...# #PPPP.558.# #....P....# #.....P..## #P÷>.PP..# #P...PP.## #PPPPP..#
##PPPPP## You could see a black mamba, a friendly lightning spire (summoned), a
friendly iron imp (summoned) and a friendly crimson imp (summoned).

Vanquished Creatures
  Erica (D:9)
  A centaur zombie (D:10)
  A spiny frog (D:10)
  A komodo dragon (D:10)
  A troll (D:10)
  4 yaks
  2 hungry ghosts
  A water moccasin (D:10)
  4 sky beasts
  2 phantoms (D:5)
  A black bear (D:10)
  7 ogres
  4 centaurs
  3 bullfrogs
  2 water moccasin skeletons
  A killer bee (D:8)
  2 howler monkeys (D:5)
  A wight (D:7)
  6 bullfrog skeletons
  5 hounds
  2 orc priests
  5 orc wizards
  2 centaur skeletons
  5 iguanas
  4 worker ants
  A hound skeleton (D:6)
  A worker ant zombie (D:7)
  2 gnolls (D:5)
  2 adders
  3 worms
  3 dart slugs
  5 leopard geckos
  12 orcs
  4 giant cockroaches
  4 goblins (D:1)
  7 hobgoblins
  5 jackals
  2 quokkas
  3 ball pythons
  7 bats
  4 frilled lizards
  5 kobolds
  A leopard gecko skeleton (D:2)
  A quokka skeleton (D:5)
  6 rats
  6 plants (D:10)
152 creatures vanquished.

Vanquished Creatures (collateral kills)
  Maggie (D:6)
  A hippogriff (D:7)
  A wyvern (D:9)
  4 yaks
  A hungry ghost (D:7)
  Duvessa (D:6)
  2 sky beasts (D:10)
  4 ogres
  A phantom (D:9)
  2 centaurs (D:6)
  A bullfrog (D:6)
  Dowan (D:6)
  3 wights (D:7)
  A killer bee (D:8)
  2 bullfrog zombies
  A crimson imp (D:7)
  A quasit (D:8)
  3 orc priests
  2 hounds
  An iguana (D:10)
  3 orc wizards
  A worker ant (D:6)
  2 hound zombies (D:5)
  A howler monkey zombie (D:9)
  2 adders (D:2)
  2 gnolls (D:5)
  3 worms
  A leopard gecko (D:6)
  13 orcs
  A giant cockroach (D:7)
  9 jackals
  2 quokkas
  A rat (D:2)
75 creatures vanquished.

Vanquished Creatures (others)
  An ogre (D:8)
  An orc wizard (D:7)
  A worker ant (D:7)
  A jackal (D:8)
4 creatures vanquished.

Grand Total: 231 creatures vanquished

Notes
Turn   | Place    | Note
-------+----------+-------------------------------------------
     0 | D:1      | ringo67 the Draconian Summoner began the quest for the Orb.
     0 | D:1      | Reached XP level 1. HP: 14/14 MP: 3/3
   446 | D:1      | Reached XP level 2. HP: 14/22 MP: 5/5
   649 | D:1      | Reached skill level 1 in Fighting
  1015 | D:2      | Learned a level 2 spell: Call Imp
  1177 | D:2      | Reached XP level 3. HP: 28/28 MP: 6/6
  1219 | D:2      | Found a shimmering altar of Xom.
  1219 | D:2      | Found a shimmering altar of Xom.
  1219 | D:2      | Found a shimmering altar of Xom.
  1430 | D:2      | Found an ornate altar of the Wu Jian Council.
  2592 | D:3      | Found a shimmering blue altar of Sif Muna.
  2688 | D:3      | Reached XP level 4. HP: 23/36 MP: 8/8
  3134 | D:3      | Reached skill level 5 in Summonings
  3405 | D:4      | Found a basalt altar of Yredelemnul.
  3467 | D:4      | Found a shadowy altar of Dithmenos.
  3470 | D:4      | Found a white marble altar of Elyvilon.
  3497 | D:4      | Noticed an ogre
  3538 | D:4      | Killed an ogre
  3538 | D:4      | Reached XP level 5. HP: 28/42 MP: 3/9
  3760 | D:4      | Noticed an ogre
  3785 | D:4      | Killed an ogre
  4034 | D:4      | Noticed an ogre
  4049 | D:4      | Killed an ogre
  4049 | D:4      | Reached XP level 6. HP: 24/51 MP: 4/11
  4571 | D:4      | Reached skill level 6 in Summonings
  4724 | D:4      | Learned a level 3 spell: Call Canine Familiar
  5191 | D:5      | Entered Level 5 of the Dungeon
  5282 | D:5      | Your scales start taking on a fiery red colour.
  5282 | D:5      | Reached XP level 7. HP: 57/58 MP: 8/12
  5282 | D:5      | Gained mutation: Your flesh is heat resistant. (rF+) [Red
                  | Draconian growth]
  5288 | D:5      | Learned a level 4 spell: Summon Lightning Spire
  5594 | D:5      | Found a sacrificial altar of Ru.
  5783 | D:5      | Became a worshipper of Ru the Awakened
  5815 | D:5      | Reached skill level 1 in Air Magic
  6302 | D:5      | Learned a level 4 spell: Summon Ice Beast
  6357 | D:5      | Reached skill level 7 in Summonings
  6518 | D:5      | Reached skill level 1 in Polearms
  6827 | D:5      | Reached XP level 8. HP: 66/67 MP: 9/14
  6948 | D:6      | Noticed Maggie
  7077 | D:6      | Killed Maggie
  7077 | D:6      | Reached skill level 5 in Fighting
  7247 | D:6      | Reached skill level 5 in Spellcasting
  7351 | D:6      | Noticed Dowan
  7355 | D:6      | Noticed Duvessa
  7382 | D:6      | Killed Duvessa
  7385 | D:6      | Killed Dowan
  8064 | D:6      | Got an ebony falchion
  8065 | D:6      | Identified the +3 falchion "Jeeffu" {chaos, +Inv rF- rN+
                  | Str+5} (You found it on level 6 of the Dungeon)
  8095 | D:7      | Gained mutation: You cannot study or use magical devices.
                  | [Ru sacrifice]
  8095 | D:7      | Reached * piety under Ru
  8095 | D:7      | Reached ** piety under Ru
  8188 | D:7      | Reached skill level 1 in Ice Magic
  8193 | D:7      | Reached XP level 9. HP: 73/75 MP: 13/17
  8280 | D:7      | Found a staircase to the Ecumenical Temple.
  8386 | D:7      | Reached skill level 8 in Summonings
  8626 | D:7      | Found a shattered altar of Ashenzari.
 10304 | D:8      | Found a sparkling altar of Nemelex Xobeh.
 11666 | D:9      | Noticed Erica
 11868 | D:9      | Killed Erica
 11868 | D:9      | Reached skill level 9 in Summonings
 11868 | D:9      | Reached XP level 10. HP: 63/86 MP: 13/20
 12423 | D:9      | Found a snail-covered altar of Cheibriados.
 12471 | D:10     | Entered Level 10 of the Dungeon
 13010 | D:10     | Gained mutation: You cannot drink potions while threatened.
                  | [Ru sacrifice]
 13010 | D:10     | Reached *** piety under Ru
 13160 | D:10     | Reached skill level 5 in Air Magic
 13572 | D:10     | Found a staircase to the Lair.
 13783 | Lair:1   | Entered Level 1 of the Lair of Beasts
 13783 | Lair:1   | Noticed a black mamba
 13783 | Lair:1   | Noticed a spiny frog
 13794 | D:10     | Killed a spiny frog
 14031 | D:10     | Slain by a black mamba

Illustrated notes

Levels and vault maps discovered:
D:1:      dpeg_arrival_subterranean_lakeside_camping, layout_rooms
D:2:      layout_basic, nicolae_overflow_crystal_walls, xom_redecorated
D:3:      layout_loops_ring, nicolae_overflow_hidden_temple,
          lemuel_blue_sif_altar
D:4:      layout_loops_corners, yredelemnul_altar_generic, minitemple
D:5:      layout_loops_corners, lemuel_round_altar, first_ration
D:6:      layout_basic, uniq_duvessa, uniq_maggie
D:7:      layout_rooms, minmay_temple_entry_junction_2, grunt_ogre_cave,
          cheibrodos_ashenzari_chains
D:8:      layout_loops_ring, nemelex_xobeh_ov_fountains_minmay
D:9:      layout_roguey, cheibrodos_worm_habitat, kennysheep_generic_room_12,
          uniq_erica
D:10:     layout_rooms, david_lair_shrubbed
Lair:1:   layout_small_grid

Skill      XL: |  1  2  3  4  5  6  7  8  9 10 |
---------------+-------------------------------+-----
Fighting       | 1 2 3 4 5 7 8 |  8.8
Summonings     | 5 6 7 9 |  9.0
Spellcasting   | 3 4 5 6 7 |  7.7
Air Magic      | 2 3 4 5 |  5.6
Polearms       | 1 2 3 |  3.6
Ice Magic      | 1 3 4 |  4.5
Dodging        | |  1.7
Stealth        | |  1.7

Action                   |  1- 3 |  4- 6 |  7- 9 | 10-12 || total
-------------------------+-------+-------+-------+-------++-------
Melee: Club              |    19 |       |       |       ||    19
       Unarmed           |    11 |       |       |       ||    11
       Short sword       |   107 |    79 |    45 |       ||   231
       Tailslap          |    10 |     8 |    26 |    20 ||    64
       Halberd           |       |       |   303 |   173 ||   476
 Cast: Call Imp          |     7 |    23 |    78 |    24 ||   132
       Call Canine Famil |       |       |    21 |     6 ||    27
       Summon Lightning  |       |       |     2 |     3 ||     5
Invok: Sacrifice Artific |       |       |     1 |       ||     1
       Draw Out Power    |       |       |       |     1 ||     1
       Sacrifice Drink   |       |       |       |     1 ||     1
 Abil: Breathe Fire      |       |       |     1 |       ||     1
  Use: Scroll            |       |     1 |     9 |     2 ||    12
 Stab: Sleeping          |     2 |     1 |     4 |     2 ||     9
       Distracted        |       |     2 |     4 |     1 ||     7
  Eat: Chunk             |     6 |     9 |    25 |     4 ||    44
       Ration            |       |       |     1 |     1 ||     2
Armor: Skin              |    54 |    12 |   133 |    34 ||   233
Dodge: Dodged            |    85 |    35 |   242 |    59 ||   421
